 Dungeon Crawl Stone Soup version 0.30-a0-859-gf88a04b62d (webtiles) character file.

Game seed: 8825300105988595023

4 cheesebisquit the Insei (level 1, -1/15 HPs)
             Began as a Merfolk Transmuter on Mar 7, 2023.
             Slain by a jackal (2 damage)
             ... on level 1 of the Dungeon.
             The game lasted 00:01:01 (142 turns).

cheesebisquit the Insei (Merfolk Transmuter)         Turns: 142, Time: 00:01:01

Health: -1/15      AC:  2    Str: 10    XL:     1   Next: 70%
Magic:  2/3        EV: 12    Int: 12    God:
Gold:   21         SH:  0    Dex: 14    Spells: 3/4 levels left

rFire   . . .      SeeInvis .      - Unarmed
rCold   . . .      Faith    .    (no shield)
rNeg    . . .      Spirit   .    a - +0 robe
rPois   .          Reflect  .    (helmet currently unavailable)
rElec   .          Rampage  .    (no cloak)
rCorr   .                        (no gloves)
Will    .....                    (boots currently unavailable)
Stlth   +                        (no amulet)
HPRegen 0.22/turn                (no ring)
MPRegen 0.08/turn                (no ring)

@: appendages (expiring)
A: horns 2, (nimble swimmer 2), mertail
a: End Transformation


You were on level 1 of the Dungeon.
You had temporarily grown beastly horns.
You visited 1 branch of the dungeon, and saw 1 of its levels.

You collected 21 gold pieces.

Inventory:

Armour
 a - a +0 robe (worn)
Scrolls
 c - a scroll of blinking {unknown}
Potions
 b - a potion of lignification
 d - a potion of haste {unknown}


   Skills:
 + Level 1.2 Fighting
 + Level 2.8 Dodging
 + Level 3.3 Unarmed Combat
 + Level 2.0 Spellcasting
 + Level 2.8 Transmutations


You had 3 spell levels left.
You knew the following spells:

 Your Spells              Type           Power      Damage    Failure   Level
a - Beastly Appendage     Tmut           16%        N/A       9%          1

Your spell library contained the following spells:

 Spells                   Type           Power      Damage    Failure   Level
 Wereblood                Tmut           8%         N/A       13%         2
 Spider Form              Tmut/Pois      4%         N/A       41%         3
 Ozocubu's Armour         Ice            1%         N/A       63%         3
 Ice Form                 Ice/Tmut       4%         N/A       83%         4
 Ozocubu's Refrigeration  Ice            0%         4d7       100%        7


Dungeon Overview and Level Annotations

Branches:
Dungeon (1/15)

Altars:

Annotations:
D:1 2 transporters


Innate Abilities, Weirdness & Mutations

You have temporarily grown beastly horns.
((You are very nimble when in or above water. (Stealth+, EV+, Speed+++)))
Your lower body shifts to a powerful aquatic tail in water.


Message History

The bat barely misses you.
The jackal barks!
You hit the jackal. You headbutt the jackal.
The jackal is almost dead.
The jackal bites you but does no damage.
The bat misses you. The jackal bites you.
You barely miss the jackal. Your headbutt misses the jackal.
The jackal is almost dead.
Your transformation is almost over.
The bat hits you but does no damage. The jackal bites you.
The jackal bites you but does no damage. x2
The jackal bites you.
You hit the jackal.
You kill the jackal!
The bat closely misses you. The jackal closely misses you.
The jackal bites you.
You hit the bat.
You kill the bat!
The jackal bites you. The jackal misses you.
You hit the jackal. Your headbutt misses the jackal.
The jackal is almost dead.
The jackal barely misses you. The jackal bites you.
The jackal closely misses you. x2
You hit the jackal but do no damage.
The jackal is almost dead.
The jackal misses you. The jackal closely misses you.
The jackal barely misses you. The jackal bites you.
* * * LOW HITPOINT WARNING * * *
The jackal bites you.
* * * LOW HITPOINT WARNING * * *
You closely miss the jackal.
The jackal is almost dead.
The jackal barely misses you. The jackal closely misses you.
The jackal barely misses you.
You hit the jackal but do no damage. Your headbutt misses the jackal.
The jackal is almost dead.
The jackal misses you. The jackal bites you.
* * * LOW HITPOINT WARNING * * *
The jackal bites you.
You die...

.....###'##
.######8.8## .#
##.....## .#
##8.....8##
[###.........##
.##8.........8###
..+...........'.##
..#8.........8#..##
..##.........##.@?#
#.###8.....8##.hhh.#
##.....##......# #
#####8.8##.......#
#..#..##+####.....##
##...###.# #.....#
~~~.~~~#.# .......
≈≈.≈≈≈≈~.# #.......
≈.≈≈≈≈≈≈~#


You could see 3 jackals.

Vanquished Creatures
  A jackal (D:1)
  A ball python (D:1)
  3 bats (D:1)
  A kobold (D:1)
6 creatures vanquished.

Notes
Turn   | Place    | Note
-------+----------+-------------------------------------------
     0 | D:1      | cheesebisquit the Merfolk Transmuter began the quest for
                  | the Orb.
     0 | D:1      | Reached XP level 1. HP: 15/15 MP: 3/3
   142 | D:1      | Slain by a jackal

Illustrated notes

Levels and vault maps discovered:
D:1:      spicycebolla_arrival_transporter_tutorial, layout_rooms,
          dk_noncrumbling_4

Action                     || total
---------------------------++-------
  Melee: Unarmed           ||    25
         Headbutt          ||     1
   Cast: Beastly Appendage ||     2
 Armour: Robe              ||    11
  Dodge: Dodged            ||    38

Table legend: (Time is in decaauts)
 A = Elapsed time spent in this place.
 B = Non-inter-level travel time spent in this place.
 C = Inter-level travel time spent in this place.
 D = Time resting spent in this place.
 E = Time spent auto-exploring this place.
 F = Levels seen in this place.
 G = Mean time per level.
                   A        B        C        D        E       F      G
               +--------+--------+--------+--------+--------+-----+--------+
         Total |    139 |    139 |      0 |      0 |     86 |   1 |  139.0 |
       Dungeon |    139 |    139 |      0 |      0 |     86 |   1 |  139.0 |
               +--------+--------+--------+--------+--------+-----+--------+

Top non-repeatable levels by time:
     D:1: 139 daAuts
